 Dungeon Crawl Stone Soup version 0.30-a0-782-ge64f9170bb (webtiles) character file.

Game seed: 3463379655902690966

21 Flugslaktarn the Covered (level 2, 0/27 HPs)
             Began as a Minotaur Fighter on Feb 18, 2023.
             Slain by Terence
             ... wielding a +0 mace
              (4 damage)
             ... on level 2 of the Dungeon.
             The game lasted 00:00:20 (678 turns).

Flugslaktarn the Covered (Minotaur Fighter)          Turns: 678, Time: 00:00:21

Health: 0/27       AC:  7    Str: 20    XL:     2   Next: 62%
Magic:  1/1        EV:  6    Int:  5    God:
Gold:   48         SH:  4    Dex:  9    Spells: 1/1 levels left

rFire   + . .      SeeInvis .    a - +0 war axe
rCold   . . .      Faith    .    c - +0 buckler
rNeg    . . .      Spirit   .    b - +0 scale mail
rPois   .          Reflect  .    (helmet restricted)
rElec   .          Harm     .    (no cloak)
rCorr   .          Rampage  .    (no gloves)
Will    .....                    (no boots) Stlth
                                 (no amulet)
HPRegen 0.24/turn                f - ring of protection from fire
MPRegen 0.07/turn                (no ring)

@: constricted
A: horns 2, retaliatory headbutt
a: no special abilities


You were on level 2 of the Dungeon.
You visited 1 branch of the dungeon, and saw 2 of its levels.

You collected 48 gold pieces.

Inventory:

Hand Weapons
 a - a +0 war axe (weapon)
Missiles
 h - 2 throwing nets (quivered)
Armour
 b - a +0 scale mail (worn)
 c - a +0 buckler (worn)
Jewellery
 f - a ring of protection from fire (left hand)
   (You found it on level 1 of the Dungeon)
Scrolls
 g - 2 scrolls of magic mapping {unknown}
 j - a scroll of identify {unknown}
Potions
 d - a potion of might
 e - a potion of curing {unknown}
 i - a potion of magic {unknown}


   Skills:
 + Level 3.9 Fighting
 * Level 3.1 Axes
 + Level 3.9 Armour
 + Level 3.9 Shields


You had one spell level left.
You didn't know any spells.
Your spell library was empty.

Dungeon Overview and Level Annotations

Branches:
Dungeon (2/15)

Altars:

Annotations:
D:2 Terence


Innate Abilities, Weirdness & Mutations

You have a pair of horns on your head.
You reflexively headbutt those who attack you in melee.


Message History

Found 2 stones.
i - a coppery potion
There is a stone staircase leading down here.
Found 5 stones.
No target in view!
No target in view!
No target in view!
No target in view!
No target in view!
No target in view!
j - a scroll labelled LIEMIZ YMAG A hobgoblin comes into view.
The hobgoblin shouts!
A hobgoblin is nearby!
A hobgoblin is nearby!
The hobgoblin hits you but does no damage.
You closely miss the hobgoblin. You block the hobgoblin's attack.
You barely miss the hobgoblin.
The hobgoblin hits you but does no damage.
The hobgoblin barely misses you.
You closely miss the hobgoblin. The hobgoblin hits you.
You slash the hobgoblin!
You kill the hobgoblin!
No target in view!
No target in view!
No target in view!
No target in view!
There is a shaft here.
There is a staircase leading out of the dungeon here.
Done exploring.
Done exploring.
Done exploring.
No target in view!
No target in view!
No target in view!
(D) Dungeon
Where to? (? - help)
There is a staircase leading out of the dungeon here.
There is a stone staircase leading down here.
You climb downwards.
The goblin shouts!
The kobold shouts!
You hear a shout! x2
You hear an angry hiss.
Found a scroll labelled LIEMIZ YMAG.
Found an escape hatch in the floor.
There is a stone staircase leading up here.
There are monsters nearby!
Unknown command.
There are monsters nearby!
There are monsters nearby!
There are monsters nearby!
The goblin barely misses you.
You closely miss the goblin. You headbutt the goblin.
You kill the goblin!
The kobold throws a stone.
The stone hits you but does no damage.
Terence the Incautious comes into view.
He is wielding a +0 mace.
A kobold comes into view. It is wielding a +0 dagger.
There is a stone staircase leading up here.
Found a rapier and a scroll labelled LIEMIZ YMAG.
The kobold barely misses you.
You completely miss the kobold.
A ball python comes into view.
You block the kobold's attack.
The ball python moves out of view.
You hit the kobold.
You kill the kobold!
You closely miss Terence. You closely miss the kobold.
The ball python hisses angrily.
The kobold barely misses you. Terence barely misses you.
You slash Terence!
Terence is heavily wounded.
You closely miss the kobold. Terence closely misses you.
The kobold hits you but does no damage.
A quokka comes into view.
Terence hits you with a +0 mace. You block the kobold's attack.
You closely miss Terence. You headbutt Terence, but do no damage.
Terence is heavily wounded.
You barely miss the kobold. The kobold hits you with a +0 dagger.
You block Terence's attack.
You closely miss Terence.
Terence is heavily wounded.
You barely miss the kobold. You closely miss the ball python.
The ball python bites you. The ball python barely misses you.
You block the kobold's attack. Terence hits you with a +0 mace.
The ball python bites you but does no damage.
The ball python grabs you. The ball python constricts you.
You closely miss the ball python. You closely miss Terence.
You closely miss the kobold. The kobold hits you but does no damage.
Terence looks scornfully at you. Terence hits you with a +0 mace.
The ball python barely misses you. The ball python constricts you.
The kobold hits you but does no damage.
Terence drinks a potion.
Terence seems to speed up.
You barely miss the ball python. You slash Terence! You barely miss the kobold.
The ball python closely misses you. You furiously retaliate!
You headbutt the ball python. The ball python constricts you.
Terence hits you with a +0 mace.
* * * LOW HITPOINT WARNING * * *
The kobold closely misses you.
The ball python bites you but does no damage.
The ball python constricts you.
* * * LOW HITPOINT WARNING * * *
Terence hits you with a +0 mace.
You die...

#. #.# # #. #.#
.# #. #.###.#.
#?##......
#.#.....#
######.#..... #.#
)......r..##.....
#.)@K....#
#>.@S#)#.#
#....#.# ##.#...#
#.#.### #.#..
...?# ....#


You could see Terence (fast), a quokka, a ball python and a kobold.

Vanquished Creatures
  4 bats (D:1)
  An endoplasm (D:1)
  4 hobgoblins (D:1)
  3 kobolds
  A ball python (D:1)
  A frilled lizard (D:1)
  3 goblins
  A rat (D:1)
18 creatures vanquished.

Vanquished Creatures (others)
  44 plants (D:1)
44 creatures vanquished.

Grand Total: 62 creatures vanquished

Notes
Turn   | Place    | Note
-------+----------+-------------------------------------------
     0 | D:1      | Flugslaktarn the Minotaur Fighter began the quest for the
                  | Orb.
     0 | D:1      | Reached XP level 1. HP: 19/19 MP: 0/0
   199 | D:1      | Reached XP level 2. HP: 27/27 MP: 1/1
   668 | D:2      | Noticed Terence
   678 | D:2      | Slain by Terence

Illustrated notes

Levels and vault maps discovered:
D:1:      roderic_crop_circles_arrival_small, layout_loops_cross
D:2:      layout_basic, uniq_terence

Skill      XL: |  1  2 |
---------------+-------+-----
Axes           | 3 |  3.1
Fighting       | |  3.9
Armour         | |  3.9
Shields        | |  3.9

Action                     || total
---------------------------++-------
  Melee: War axe           ||    70
         Headbutt          ||    12
 Armour: Scale mail        ||    22
  Dodge: Dodged            ||    28
  Block: Buckler           ||    13

Table legend: (Time is in decaauts)
 A = Elapsed time spent in this place.
 B = Non-inter-level travel time spent in this place.
 C = Inter-level travel time spent in this place.
 D = Time resting spent in this place.
 E = Time spent auto-exploring this place.
 F = Levels seen in this place.
 G = Mean time per level.
                   A        B        C        D        E       F      G
               +--------+--------+--------+--------+--------+-----+--------+
         Total |    705 |    685 |     20 |      0 |    515 |   2 |  352.5 |
       Dungeon |    705 |    685 |     20 |      0 |    515 |   2 |  352.5 |
               +--------+--------+--------+--------+--------+-----+--------+

Top non-repeatable levels by time:
     D:1: 690 daAuts
     D:2: 15 daAuts
